 Dungeon Crawl Stone Soup version 0.31-a0-257-gf185e81a89 (webtiles) character file.

Game seed: 6859909997051915915

259 qw the Shooter (level 5, 0/45 HPs)
             Began as a Minotaur Hexslinger on July 12, 2023.
             Slain by a gnoll
             ... wielding a +0 flail
              (6 damage)
             ... on level 4 of the Dungeon.
             The game lasted 00:00:56 (2073 turns).

qw the Shooter (Minotaur Hexslinger)                Turns: 2073, Time: 00:00:57

Health: 0/45       AC:  9    Str: 12    XL:     5   Next: 94%
Magic:  5/5        EV: 11    Int: 10    God:
Gold:   152        SH:  0    Dex: 21    Spells: 5/6 levels left

rFire   . . .        h - +1 sling (heavy)
rCold   . . .        (no shield)
rNeg    . . .        d - +0 ring mail
rPois   .            (helmet restricted)
rElec   .            a - +0 cloak
rCorr   .            (no gloves)
SInv    .            b - +2 pair of boots
Will    .....        (no amulet)
Stlth   +            i - +6 ring of dexterity
HPRegen 0.27/turn    (no ring)
MPRegen 0.09/turn

%: no passive effects
@: no status effects
A: horns 2, retaliatory headbutt
a: no special abilities


You were on level 4 of the Dungeon.
You visited 1 branch of the dungeon, and saw 4 of its levels.

You collected 152 gold pieces.


Innate Abilities, Weirdness & Mutations

You have a pair of horns on your head.
You reflexively headbutt those who attack you in melee.


   Skills:
 + Level 3.2 Fighting
 - Level 6.1 Ranged Weapons
 - Level 1.1 Armour
 - Level 2.1 Dodging
 - Level 1.0 Spellcasting
 - Level 2.0 Hexes


You had 5 spell levels left.
You knew the following spells:

 Your Spells              Type           Power      Damage    Failure   Level
a - Slow                  Hex            16%        N/A       34%         1

Your spell library contained the following spells:

 Spells                   Type           Power      Damage    Failure   Level
 Inner Flame              Hex/Fire       2%         N/A       83%         3
 Portal Projectile        Hex/Tloc       4%         N/A       83%         3
 Cause Fear               Hex            2%         N/A       98%         4

Inventory:

Hand Weapons
 h - a +1 heavy sling (weapon)
Armour
 a - a +0 cloak (worn)
 b - a +2 pair of boots (worn)
 d - a +0 ring mail (worn)
Jewellery
 i - a +6 ring of dexterity (left hand)
Scrolls
 c - a scroll of identify
 k - a scroll of teleportation
Potions
 e - a potion of cancellation
 f - a potion of curing {unknown}
 g - a potion of attraction {unknown}

Dungeon Overview and Level Annotations

Branches:
Dungeon (4/15)
 Temple: D:4-7

Altars:

Shops:
D:2 (


Message History

The sling bullet barely misses the ball python.
The gnoll shouts!
The ball python barely misses you. x3; The ball python completely misses you.
You shoot a sling bullet. The sling bullet hits the ball python!
You kill the ball python!
A gnoll comes into view. It is wielding a +0 flail.
The gnoll moves out of view.
You shoot a sling bullet.
The sling bullet barely misses the gnoll.
A jackal comes into view.
A gnoll comes into view. It is wielding a +0 flail.
The jackal moves out of view.
You shoot a sling bullet. The sling bullet hits the gnoll.
The gnoll is lightly wounded.
The gnoll hits you with a +0 flail! The gnoll closely misses you.
You shoot a sling bullet.
The sling bullet closely misses the gnoll.
The sling bullet hits the gnoll!
The gnoll is heavily wounded.
The gnoll hits you with a +0 flail.
You shoot a sling bullet. The sling bullet hits the gnoll.
The gnoll is lightly wounded.
The gnoll throws a throwing net.
The throwing net hits you.
You become entangled in the net!
The gnoll hits you but does no damage. x2
You struggle against the net.
The gnoll hits you with a +0 flail. The gnoll completely misses you.
You struggle against the net.
The gnoll hits you with a +0 flail. The gnoll barely misses you.
The gnoll hits you with a +0 flail!
You struggle against the net.
The gnoll closely misses you. x2; The gnoll hits you but does no damage.
You rip the net and break free!
The gnoll hits you but does no damage. The gnoll closely misses you.
The gnoll hits you with a +0 flail.
You shoot a sling bullet.
The sling bullet barely misses the gnoll.
The gnoll hits you but does no damage. The gnoll hits you with a +0 flail.
The gnoll closely misses you. The gnoll barely misses you.
The gnoll hits you with a +0 flail. x2
You die...

.##.. .....
..... #...
####.. ...
###..#.##....#
#.....g.#..###
##.....@g)?....
#.......g....#.
###......#..$.#
#....#.##....
##...#......#
###........ .#
#..<..........
###.##....##.
### ##.##


You could see 3 gnolls.

Vanquished Creatures
  An orc priest (D:2)
  An iguana (D:4)
  2 orc wizards (D:3)
  A gnoll (D:4)
  7 adders
  A worm (D:2)
  A dart slug (D:1)
  9 orcs
  9 endoplasms
  3 giant cockroaches
  4 goblins
  3 hobgoblins
  4 kobolds
  5 quokkas
  7 ball pythons
  6 bats
  3 frilled lizards
  7 rats
74 creatures vanquished.

Notes
Turn   | Place    | Note
-------+----------+-------------------------------------------
     0 | D:1      | qw the Minotaur Hexslinger began the quest for the Orb.
     0 | D:1      | Reached XP level 1. HP: 16/16 MP: 1/1
     0 | D:1      | 0 ||| qw: Version: 0.3-a-52-g30416fa
     0 | D:1      | 0 ||| qw: Game counter: 6787
     0 | D:1      | 0 ||| qw: Melee chars always use a shield: true
     0 | D:1      | 0 ||| qw: God list: Okawaru
     0 | D:1      | 0 ||| qw: Allow faded altars: false
     0 | D:1      | 0 ||| qw: Do Orc after clearing Dungeon:15 true
     0 | D:1      | 0 ||| qw: Do second Lair branch before Depths: true
     0 | D:1      | 0 ||| qw: Lair rune preference: random
     0 | D:1      | 0 ||| qw: Goals: Normal
     0 | D:1      | 0 ||| PLANNING D:1-11
   120 | D:1      | Reached skill level 3 in Ranged Weapons
   120 | D:1      | Reached XP level 2. HP: 23/23 MP: 2/2
   438 | D:1      | 438 ||| UPGRADING to +0 ring mail.
   448 | D:1      | 448 ||| DROPPING +0 robe.
   449 | D:1      | 449 ||| READING 2 scrolls labelled HAALIN XEZIA.
   453 | D:1      | 453 ||| READING scroll labelled ONGAXO SUVICU.
   454 | D:1      | 454 ||| DROPPING scroll of poison.
   527 | D:2      | Reached XP level 3. HP: 24/29 MP: 3/3
   734 | D:2      | Reached skill level 4 in Ranged Weapons
   739 | D:2      | Reached skill level 1 in Armour
   844 | D:2      | Found a faded altar of an unknown god.
   894 | D:2      | Reached XP level 4. HP: 32/36 MP: 4/4
  1221 | D:2      | Found Unest's Antique Weapon Shop.
  1227 | D:2      | 1227 ||| SHOPLISTING runed triple crossbow (338 gold, have
                  | 92).
  1259 | D:2      | 1259 ||| UPGRADING to +2 pair of boots.
  1264 | D:2      | 1264 ||| UPGRADING to +6 ring of dexterity.
  1265 | D:2      | 1265 ||| READING 3 scrolls labelled IFIUNOIKHY.
  1266 | D:2      | 1266 ||| READING scroll labelled ZIPIAKK NOCUIH.
  1267 | D:2      | 1267 ||| READING scroll labelled CIRROX KYNGAA.
  1268 | D:2      | 1268 ||| READING 2 scrolls labelled UMMEAP VIPRO.
  1269 | D:2      | 1269 ||| READING 2 scrolls of identify.
  1269 | D:2      | 1269 ||| IDENTIFYING black potion
  1270 | D:2      | 1270 ||| DROPPING scroll of fear.
  1299 | D:3      | 1299 ||| STAIRDANCE
  1303 | D:2      | HP: 7/36 [orc priest/+0 hand axe (4)]
  1304 | D:2      | 1304 ||| READING scroll of teleportation.
  1306 | D:2      | Reached skill level 5 in Ranged Weapons
  1475 | D:3      | Reached XP level 5. HP: 42/42 MP: 5/5
  1477 | D:3      | 1477 ||| Stepping ~*~*~tactically~*~*~ (outnumbered).
  1587 | D:3      | Reached skill level 3 in Fighting
  2038 | D:3      | 2038 ||| UPGRADING to +0 cloak.
  2043 | D:3      | 2043 ||| DROPPING ring of magical power.
  2061 | D:4      | Reached skill level 6 in Ranged Weapons
  2073 | D:4      | HP: 11/45 [gnoll/+0 flail (2)]
  2073 | D:4      | Slain by a gnoll

Levels and vault maps discovered:
D:1:      scummos_arrival_forest, layout_basic
D:2:      layout_loops_ring, hellmonk_ecumenical_altar_lost_god, serial_shops,
          nicolae_shop_just_a_little_nook
D:3:      layout_loops_ring
D:4:      layout_cave_pools, pdpol_wu_jian_five_deadly_venoms,
          nicolae_ru_sacrificial_ziggurat, amethyst_overflow_temple_binary,
          nicolae_shop_sticking_my_neck_out, uniq_eustachio, uniq_menkaure

Skill      XL: |  1  2  3  4  5 |
---------------+----------------+-----
Ranged Weapons | 3 4 5 6 |  6.1
Fighting       | 2 3 |  3.2
Armour         | 1 |  1.1
Dodging        | |  2.1
Spellcasting   | |  1.0
Hexes          | |  2.0

Action                     |  1- 3 |  4- 6 || total
---------------------------+-------+-------++-------
   Fire: Sling             |   140 |    65 ||   205
    Use: Scroll            |     2 |     6 ||     8
 Armour: Ring mail         |    19 |    25 ||    44
         Robe              |     3 |       ||     3
  Dodge: Dodged            |    43 |    31 ||    74

Table legend:
 A = Non-vault XP
 B = Vault XP
 C = Vault XP percentage of total XP
 D = Non-vault monster count
 E = Vault monster count
 F = Vault count percentage of total count
                 A         B        C        D         E       F
            +---------+---------+-------+---------+---------+-------
      Total |     370 |       0 |   0.0 |      74 |       0 |   0.0
            +---------+---------+-------+---------+---------+-------
        D:1 |      35 |       0 |   0.0 |      19 |       0 |   0.0
        D:2 |     137 |       0 |   0.0 |      28 |       0 |   0.0
        D:3 |     147 |       0 |   0.0 |      24 |       0 |   0.0
        D:4 |      51 |       0 |   0.0 |       3 |       0 |   0.0
            +---------+---------+-------+---------+---------+-------
